 Dungeon Crawl Stone Soup version 0.28.0-53-g5a82cb258f (webtiles) character file.

Game seed: 3401237655897503742

6631 Sin92 the Basher (level 10, -1/123 HPs)
             Began as a Demonspawn Fighter on July 19, 2022.
             Was an Elder of Trog.
             Slain by an eight-headed hydra (3 damage)
             ... on level 1 of the Lair of Beasts.
             The game lasted 00:14:18 (12265 turns).

Sin92 the Basher (Demonspawn Fighter)              Turns: 12265, Time: 00:14:18

Health: -1/123     AC: 15    Str: 20    XL:     10   Next: 72%
Magic:  10/10      EV:  6    Int:  9    God:    Trog [****..]
Gold:   344        SH: 10    Dex: 14    Spells: 9/9 levels left

rFire   + . .      SeeInvis .   g - +4 flail
rCold   . . .      Faith    +   t - +0 kite shield
rNeg    . . .      Spirit   .   u - +1 chain mail {rF+}
rPois   .          Reflect  .   (helmet restricted)
rElec   .          Harm     .   p - +2 cloak
rCorr   .          Rampage  .   (no gloves)
Will    ++...                   (no boots)
Stlth   ..........              k - amulet of faith
HPRegen 1.30/turn               (no ring)
MPRegen 0.12/turn               (no ring)

@: berserking, strong-willed, regenerating, very quick
A: horns 2, rugged brown scales 1, spiny 1, demonic magic 1
a: Renounce Religion, Berserk, Trog's Hand, Brothers in Arms


You were on level 1 of the Lair of Beasts.
You worshipped Trog.
Trog was greatly pleased with you.
You visited 2 branches of the dungeon, and saw 10 of its levels.
You also visited: Sewer.

You collected 501 gold pieces.
You spent 157 gold pieces at shops.

Inventory:

Hand Weapons
 a - a +0 war axe
 g - a +4 flail (weapon)
Armour
 b - a +0 scale mail
 c - a +0 buckler
 p - a +2 cloak (worn)
 t - a +0 kite shield (worn)
 u - a +1 chain mail of fire resistance (worn)
Jewellery
 k - an amulet of faith (around neck)
 l - a ring of magical power
 v - an amulet of guardian spirit
 A - an amulet of magic regeneration
Wands
 j - a wand of acid (10)
 o - a wand of iceblast (15)
 w - a wand of digging (6)
Scrolls
 f - 4 scrolls of identify
 n - 3 scrolls of fog
 q - a scroll of magic mapping
 s - 6 scrolls of fear
 x - 2 scrolls of teleportation
 y - a scroll of amnesia
Potions
 d - 3 potions of might
 e - 4 potions of lignification
 h - a potion of attraction
 i - 2 potions of brilliance
 m - a potion of mutation
 z - 2 potions of heal wounds
 B - 2 potions of invisibility


   Skills:
 + Level 8.0 Fighting
 - Level 2.3(6.4) Axes
 * Level 9.4(9.5) Maces & Flails
 + Level 7.2 Armour
 + Level 7.3 Shields


You had 9 spell levels left.
You didn't know any spells.
Your spell library contained the following spells:

 Spells                   Type           Power      Damage    Failure   Level
 Summon Small Mammal      Summ           0%         N/A       100%        1
 Call Canine Familiar     Summ           0%         N/A       100%        3
 Summon Guardian Golem    Hex/Summ       0%         N/A       100%        3


Dungeon Overview and Level Annotations

Branches:
Dungeon (9/15)             Temple (0/1) D:7            Lair (1/6) D:8
  Sewer (visited)
    Orc: D:9-12

Altars:
Cheibriados
Dithmenos
Hepliaklqana
Kikubaaqudgha
Nemelex Xobeh
Okawaru
Sif Muna
Trog
Yredelemnul

Shops:
D:2 [

Annotations:
D:8 3 runed translucent doors, MiltankisOP's ghost, novice TeWz


Innate Abilities, Weirdness & Mutations

You have a pair of horns on your head.
You are partially covered in rugged brown scales. (AC +1, +3% HP)
You are partially covered in sharp spines.
Spells you cast may paralyse adjacent enemies.


Message History

A red film seems to cover your vision as you go berserk!
You feel yourself moving faster!
You feel mighty!
You block the eight-headed hydra's attack.
The eight-headed hydra bites you!
You block the eight-headed hydra's attack. x2
The eight-headed hydra barely misses you.
The eight-headed hydra bites you! The eight-headed hydra bites you.
The eight-headed hydra bites you!
You sock the eight-headed hydra!
The eight-headed hydra is moderately wounded.
The eight-headed hydra barely misses you.
The eight-headed hydra bites you. x2; The eight-headed hydra bites you!
The eight-headed hydra bites you but does no damage.
The eight-headed hydra bites you!
* * * LOW HITPOINT WARNING * * *
The eight-headed hydra bites you but does no damage.
You block the eight-headed hydra's attack.
You thump the eight-headed hydra! You headbutt the eight-headed hydra!
The eight-headed hydra is heavily wounded.
The eight-headed hydra is struck by your spines.
The eight-headed hydra barely misses you.
The eight-headed hydra bites you!
* * * LOW HITPOINT WARNING * * *
You block the eight-headed hydra's attack.
The eight-headed hydra bites you.
* * * LOW HITPOINT WARNING * * *
You block the eight-headed hydra's attack.
The eight-headed hydra bites you but does no damage. x3
You hit the eight-headed hydra. You headbutt the eight-headed hydra!!
The eight-headed hydra is almost dead.
You barely miss the eight-headed hydra. You headbutt the eight-headed hydra.
The eight-headed hydra is almost dead.
The eight-headed hydra bites you but does no damage.
The eight-headed hydra bites you!
* * * LOW HITPOINT WARNING * * *
The eight-headed hydra bites you!
* * * LOW HITPOINT WARNING * * *
The eight-headed hydra closely misses you.
The eight-headed hydra bites you.
You die...

......... .....[..
....... #....# #...# ###
### #...####.#
##########.####....##...
......D@..........###...
..................#.#...
........................
........................
###P#.######.#..........
#### ###..........
#.......... ###...#.###
#######


You could see an eight-headed hydra.

Vanquished Creatures
  A hydra (Lair:1)
  A two-headed ogre (D:8)
  A cane toad (Lair:1)
  A komodo dragon (D:8)
  A troll (D:6)
  A wyvern (D:7)
  3 yaks
  5 water moccasins
  A hornet zombie (D:7)
  An orc warrior (D:6)
  Pargi (Sewer)
  2 black bears
  2 sky beasts
  3 necrophages
  2 ogres
  2 phantoms
  5 centaurs
  3 bullfrogs
  2 scorpions
  2 water moccasin zombies (D:5)
  2 water moccasin skeletons
  8 wights
  A howler monkey (D:4)
  2 bullfrog zombies (D:5)
  2 centaur zombies
  A crimson imp (D:8)
  2 hounds (D:4)
  2 jellies (D:5)
  Crazy Yiuf (D:3)
  A bullfrog skeleton (D:5)
  A gnoll shaman (D:7)
  2 orc priests
  5 iguanas
  A centaur skeleton (D:7)
  6 orc wizards
  2 scorpion zombies
  A howler monkey zombie (D:7)
  10 adders
  7 gnolls
  2 shadow imps
  2 white imps
  2 ufetubi
  An adder skeleton (D:4)
  6 worms
  4 dart slugs
  31 orcs
  11 endoplasms
  5 giant cockroaches
  4 goblins
  9 hobgoblins
  11 quokkas
  5 ball pythons
  4 bats
  4 frilled lizards
  9 kobolds
  3 rats (D:1)
210 creatures vanquished.

Vanquished Creatures (others)
  37 fungi
  35 plants (D:8)
72 creatures vanquished.

Grand Total: 282 creatures vanquished

Notes
Turn   | Place    | Note
-------+----------+-------------------------------------------
     0 | D:1      | Sin92 the Demonspawn Fighter began the quest for the Orb.
     0 | D:1      | Reached XP level 1. HP: 18/18 MP: 1/1
   322 | D:1      | Gained mutation: Spells you cast may paralyse adjacent
                  | enemies. [demonic ancestry]
   322 | D:1      | Reached XP level 2. HP: 22/24 MP: 2/2
   761 | D:1      | Reached XP level 3. HP: 27/29 MP: 3/3
  1203 | D:1      | Found a faded altar of an unknown god.
  1209 | D:1      | Prayed at the altar of an unknown god.
  1209 | D:1      | Became a worshipper of Trog the Wrathful
  1209 | D:1      | Reached * piety under Trog
  1623 | D:2      | Reached skill level 1 in Maces & Flails
  1818 | D:2      | Found Jozesk's Antique Armour Boutique.
  1834 | D:2      | Gained mutation: You have a pair of small horns on your
                  | head. [demonic ancestry]
  1834 | D:2      | Reached XP level 4. HP: 8/35 MP: 4/4
  3037 | D:3      | Reached skill level 2 in Maces & Flails
  3093 | D:3      | Reached XP level 5. HP: 35/41 MP: 5/5
  3093 | D:3      | Reached ** piety under Trog
  3101 | D:3      | Found a glowing drain.
  3117 | Sewer    | Entered a sewer
  3155 | Sewer    | Noticed Pargi
  3163 | Sewer    | Killed Pargi
  3617 | D:3      | Gained mutation: You are partially covered in sharp spines.
                  | [demonic ancestry]
  3617 | D:3      | Reached XP level 6. HP: 18/48 MP: 6/6
  4012 | D:3      | Reached skill level 3 in Maces & Flails
  4668 | D:3      | Found a runed translucent door.
  4669 | D:3      | Noticed Crazy Yiuf
  4677 | D:3      | Killed Crazy Yiuf
  4953 | D:4      | Reached XP level 7. HP: 51/55 MP: 7/7
  5740 | D:4      | Found a shadowy altar of Dithmenos.
  5740 | D:4      | Found a snail-covered altar of Cheibriados.
  6118 | D:2      | Bought a glowing chain mail for 157 gold pieces
  6249 | D:5      | Entered Level 5 of the Dungeon
  6293 | D:5      | Reached skill level 4 in Maces & Flails
  6317 | D:5      | Reached *** piety under Trog
  6544 | D:5      | Reached skill level 5 in Fighting
  6544 | D:5      | Reached XP level 8. HP: 47/62 MP: 8/8
  6767 | D:5      | Reached skill level 5 in Maces & Flails
  7064 | D:5      | Found a bloodstained altar of Trog.
  7064 | D:5      | Found an iron altar of Okawaru.
  7139 | D:6      | Found a basalt altar of Yredelemnul.
  7190 | D:6      | Reached skill level 5 in Shields
  7241 | D:6      | Noticed a troll
  7259 | D:6      | Reached skill level 5 in Armour
  7263 | D:6      | Killed a troll
  7264 | D:6      | Reached skill level 6 in Maces & Flails
  7674 | D:6      | Found a sparkling altar of Nemelex Xobeh.
  7848 | D:6      | Gained mutation: You are partially covered in rugged brown
                  | scales. (AC +1, +3% HP) [demonic ancestry]
  7848 | D:6      | Reached XP level 9. HP: 52/71 MP: 9/9
  7968 | D:6      | Reached **** piety under Trog
  8292 | D:7      | Found a shadowy altar of Dithmenos.
  8452 | D:7      | Found a shimmering blue altar of Sif Muna.
  8797 | D:7      | Found an ancient bone altar of Kikubaaqudgha.
  8866 | D:7      | Reached skill level 7 in Maces & Flails
  9259 | D:7      | Found a bloodstained altar of Trog.
  9360 | D:7      | Found a staircase to the Ecumenical Temple.
  9449 | D:7      | Found a hazy altar of Hepliaklqana.
  9537 | D:8      | Noticed a two-headed ogre
 10286 | D:8      | Noticed a komodo dragon
 10298 | D:8      | Killed a komodo dragon
 10299 | D:8      | Reached skill level 8 in Maces & Flails
 10593 | D:8      | Gained mutation: You have a pair of horns on your head.
                  | [demonic ancestry]
 10593 | D:8      | Reached XP level 10. HP: 71/81 MP: 10/10
 10712 | D:8      | Killed a two-headed ogre
 11062 | D:8      | Found a staircase to the Lair.
 11411 | D:8      | Identified the +6 dagger of the Blowfly {vorpal, rC++}
 11757 | D:8      | Reached ***** piety under Trog
 11993 | D:8      | Found a runed translucent gate.
 11993 | D:8      | Found a runed translucent gate.
 11993 | D:8      | Found a runed translucent gate.
 11994 | D:8      | Noticed MiltankisOP's ghost (novice TeWz)
 12105 | Lair:1   | Entered Level 1 of the Lair of Beasts
 12108 | Lair:1   | Noticed a cane toad
 12120 | Lair:1   | Killed a cane toad
 12121 | Lair:1   | Reached skill level 9 in Maces & Flails
 12180 | Lair:1   | Noticed an eight-headed hydra
 12189 | Lair:1   | Killed an eight-headed hydra
 12257 | Lair:1   | Noticed an eight-headed hydra
 12265 | Lair:1   | HP: 2/123 [eight-headed hydra (8)]
 12265 | Lair:1   | Slain by an eight-headed hydra

Illustrated notes

Levels and vault maps discovered:
D:1:      ebering_hopf_link, layout_basic, shapermc_ecumenical_altar_hornbeckon
D:2:      layout_loops_ring, serial_shops, shop, minmay_puff
D:3:      layout_basic, serial_co_window_serial, co_window_paths_b,
          co_window_paths_b, co_window_paths_a, co_window_of_opportunity_a,
          co_window_paths_a, co_window_paths_b, co_window_broadway_a,
          co_window_broadway_b, co_window_of_opportunity_b,
          co_window_of_opportunity_b, co_window_corner_b, co_window_corner_b,
          glass_columns_c, glass_columns_a, glass_columns_c,
          gup_sewer_entry_pipe, hangedman_abyss_or_decor_stabs,
          uniq_crazy_yiuf_cottage
D:4:      layout_loops_corners, gammafunk_temple_overflow_wave
D:5:      layout_cave_pools, grunt_temple_overflow_bloody_war, serial_park,
          serial_park_square3 [serial_park_minivault_5x5_1], serial_park_square1
          [serial_park_minivault_5x5_8], serial_park_gazebo
          [serial_park_minivault_5x5_1], serial_park_tiny_1
D:6:      layout_basic, mainiacjoe_overflow_cross_hatched,
          nemelex_spade_bored_becter, minivault_4
D:7:      layout_cave_pools, mainiacjoe_overflow_tiny_flanked,
          nicolae_hepliaklqana_hippocampus, nicolae_kikubaaqudgha_miasma_corner,
          temple_green, hangedman_feature_mirror, small_statue_intersection,
          minmay_fractal_squares_5
D:8:      layout_cave_pools, due_lair_maze_entry_diamond,
          gammafunk_ghost_nasty_kobolds, minmay_fire_ice_demons
D:9:      layout_cave_pools, special_room [special_room_kobold],
          kennysheep_generic_room_12
Lair:1:   layout_cellular_growth, enter_volcano_2

Skill      XL: |  1  2  3  4  5  6  7  8  9 10 |
---------------+-------------------------------+-----
Axes           | 2 |  2.3
Shields        | 3 4 5 6 7 |  7.3
Armour         | 3 4 5 6 7 |  7.2
Maces & Flails | 1 2 3 4 6 8 9 |  9.4
Fighting       | 4 5 6 7 8 |  8.0

Action                   |  1- 3 |  4- 6 |  7- 9 | 10-12 || total
-------------------------+-------+-------+-------+-------++-------
Melee: War axe           |    40 |       |       |       ||    40
       Flail             |    76 |   127 |   287 |   114 ||   604
       Headbutt          |       |    19 |    59 |    27 ||   105
Invok: Berserk           |     1 |     1 |     1 |     3 ||     6
       Trog's Hand       |       |       |     2 |     3 ||     5
  Use: Scroll            |       |     7 |     9 |     3 ||    19
       Potion            |       |       |     2 |     1 ||     3
Armor: Scale mail        |    60 |    45 |     4 |       ||   109
       Chain mail        |       |       |   225 |    81 ||   306
Dodge: Dodged            |    50 |    48 |    96 |    38 ||   232
Block: Buckler           |    21 |    24 |     7 |       ||    52
       Kite shield       |       |       |   180 |    93 ||   273
